 Dungeon Crawl Stone Soup version 0.31.0-11-ge490571c62 (webtiles) character file.

Game seed: 5139327675271428768

881 qw the Skirmisher (level 7, -1/40 HPs)
             Began as a Deep Elf Hunter on Feb 4, 2024.
             Slain by a wight
             ... wielding a +4 halberd
              (12 damage)
             ... on level 5 of the Dungeon.
             The game lasted 00:00:19 (4505 turns).

qw the Skirmisher (Deep Elf Hunter)                 Turns: 4505, Time: 00:00:19

Health: -1/40      AC:  5    Str: 10    XL:     7   Next: 75%
Magic:  9/9        EV: 11    Int: 14    God:
Gold:   239        SH:  0    Dex: 18    Spells: 6/6 levels left

rFire   . . .        a - +0 shortbow (heavy)
rCold   . . .        (shield currently unavailable)
rNeg    . . .        j - +0 ring mail
rPois   +            (no helmet)
rElec   .            (no cloak)
rCorr   .            (no gloves)
SInv    .            (no boots)
Will    .....        (no amulet)
Stlth   +            e - ring of poison resistance
HPRegen 0.26/turn    (no ring)
MPRegen 0.11/turn

%: no passive effects
@: no status effects
A: no striking features
a: no special abilities


You were on level 5 of the Dungeon.
You visited 1 branch of the dungeon, and saw 5 of its levels.

You collected 239 gold pieces.


   Skills:
 - Level 2.0 Fighting
 - Level 12.1 Ranged Weapons
 + Level 0.0 Armour
 - Level 3.5 Dodging
 - Level 1.2 Stealth


You had 6 spell levels left.
You didn't know any spells.
Your spell library was empty.

Inventory:

Hand Weapons
 a - a +0 heavy shortbow (weapon)
Armour
 j - a +0 ring mail (worn)
Jewellery
 e - a ring of poison resistance (left hand)
Wands
 d - a wand of quicksilver (6)
Scrolls
 g - 3 scrolls of teleportation
Potions
 b - a potion of curing {unknown}
 c - a potion of might {unknown}
 f - a potion of resistance
 h - a potion of attraction {unknown}
 i - a potion of enlightenment
 k - a potion of brilliance {unknown}
 l - a potion of lignification {unknown}

Dungeon Overview and Level Annotations

Branches:
Dungeon (5/15)
 Temple: D:4-7

Altars:


Message History

A magic dart appears from out of thin air!
The magic dart hits you.
You shoot an arrow. The arrow hits the orc!!
You kill the orc!
4490 ||| FLEEEEING.
You shoot an arrow. You shoot an arrow.
4493 ||| FLEEEEING.
4494 ||| FLEEEEING.
You shoot an arrow.
4496 ||| FLEEEEING.
4497 ||| FLEEEEING.
Found an escape hatch in the ceiling.
4498 ||| FLEEEEING.
Something hits you but does no damage.
4499 ||| FLEEEEING. 2 wights come into view.
The wight moves out of view.
You shoot an arrow. The arrow closely misses the orc.
Something hits you but does no damage. x2
You shoot an arrow. The arrow hits the orc!
You kill the orc!
Something hits you.
You shoot an arrow. The arrow hits the wight!
The wight is heavily damaged.
Something hits you.
You shoot an arrow. The arrow barely misses the wight.
The wight closely misses you. Something hits you.
The wight hits you with a +3 dire flail!
The wight barely misses you.
You shoot an arrow. The arrow hits the wight!
You destroy the wight!
The wight hits you from afar with a +4 halberd.
You feel drained.
Your life force feels restored.
Your Ranged Weapons skill increases to level 12!
You shoot an arrow. The arrow hits the orc.
The orc is lightly wounded.
The orc hits you but does no damage.
The wight hits you from afar with a +4 halberd!
You die...

. . ####### .. ..##.....##
... # ......... .<.. #.
#.....###....# .
#.....#.z.## #.
#....o@)...# ..
.####.###..o)......#..#
oo....).##..##.....#..
#.#)#....#........#########
#.)....))#.....##........)<
#.#######.....###..........
... #.....###....>....> ...
##..#.............. .....
#..#..#...........


You could see a wight and 2 orcs.

Vanquished Creatures
  An ice beast (D:5)
  A centaur (D:5)
  An ogre (D:4)
  A phantom (D:4)
  Blork the orc (D:4)
  A scorpion (D:4)
  A wight (D:5)
  A howler monkey (D:4)
  Ijyb (D:3)
  16 gnolls
  3 adders
  3 ribbon worms
  8 dart slugs
  8 orcs
  5 endoplasms
  5 giant cockroaches
  10 goblins
  6 hobgoblins
  2 kobolds
  7 quokkas
  5 ball pythons
  6 bats
  6 frilled lizards
  24 rats
123 creatures vanquished.

Notes
Turn   | Place    | Note
-------+----------+-------------------------------------------
     0 | D:1      | qw the Deep Elf Hunter began the quest for the Orb.
     0 | D:1      | Reached XP level 1. HP: 12/12 MP: 3/3
     0 | D:1      | 0 ||| qw: Version: 0.3-a-160-g6735b56
     0 | D:1      | 0 ||| qw: Game counter: 4749
     0 | D:1      | 0 ||| qw: Melee chars always use a shield: true
     0 | D:1      | 0 ||| qw: God list: Okawaru
     0 | D:1      | 0 ||| qw: Allow faded altars: false
     0 | D:1      | 0 ||| qw: Do Orc after clearing Dungeon:15 true
     0 | D:1      | 0 ||| qw: Do second Lair branch before Depths: true
     0 | D:1      | 0 ||| qw: Lair rune preference: random
     0 | D:1      | 0 ||| qw: Goals: Normal
     0 | D:1      | 0 ||| PLANNING D:1-11
    59 | D:1      | HP: 3/12 [quokka (3)]
   133 | D:1      | Reached XP level 2. HP: 16/16 MP: 4/4
   134 | D:1      | Reached skill level 6 in Ranged Weapons
   176 | D:1      | Found a faded altar of an unknown god.
   684 | D:1      | Reached XP level 3. HP: 20/20 MP: 5/5
   864 | D:1      | 864 ||| UPGRADING to +0 scale mail.
   874 | D:1      | 874 ||| DROPPING +0 leather armour.
   875 | D:1      | 875 ||| UPGRADING to +0 ring mail.
   885 | D:1      | 885 ||| DROPPING +0 scale mail.
   886 | D:1      | 886 ||| READING scroll labelled YFROQI EPPIG.
   887 | D:1      | 887 ||| READING scroll labelled SUCEHE WAIJ.
   888 | D:1      | 888 ||| DRINKING 2 silvery potions.
   889 | D:1      | 889 ||| DROPPING scroll of butterflies.
   890 | D:1      | 890 ||| DROPPING potion of degeneration.
   993 | D:2      | Reached skill level 7 in Ranged Weapons
  1199 | D:2      | Reached XP level 4. HP: 25/25 MP: 6/6
  1501 | D:2      | Reached skill level 8 in Ranged Weapons
  1796 | D:2      | 1796 ||| READING scroll labelled GES JOLIEX.
  1796 | D:2      | 1796 ||| IDENTIFYING fuming inky potion
  1797 | D:2      | 1797 ||| READING scroll labelled YZEIXACZUADGH.
  1797 | D:2      | 1797 ||| BRANDING +0 shortbow.
  1798 | D:2      | 1798 ||| READING scroll labelled FIMYRU NALEGY.
  1802 | D:2      | 1802 ||| DRINKING 2 yellow potions.
  1947 | D:3      | Reached XP level 5. HP: 29/29 MP: 7/7
  2059 | D:3      | Noticed Ijyb
  2066 | D:3      | Killed Ijyb
  2068 | D:3      | HP: 7/29 [kobold/+0 short sword (2)]
  2580 | D:3      | 2580 ||| FLEEEEING.
  2618 | D:3      | 2618 ||| READING scroll labelled RAONWURPHIGI.
  2619 | D:3      | 2619 ||| READING scroll labelled BEMAUDEROTS.
  2650 | D:4      | Reached skill level 9 in Ranged Weapons
  2716 | D:4      | Noticed a phantom
  2717 | D:4      | 2717 ||| ZAPPING wand of quicksilver (8) at 6,0 (phantom;
                  | floor).
  2718 | D:4      | 2718 ||| ZAPPING wand of quicksilver (7) at 5,0 (phantom;
                  | floor).
  2718 | D:4      | Killed a phantom
  2719 | D:4      | Reached XP level 6. HP: 35/35 MP: 8/8
  2875 | D:4      | Reached skill level 10 in Ranged Weapons
  3297 | D:4      | 3297 ||| UPGRADING to ring of poison resistance.
  3346 | D:5      | Entered Level 5 of the Dungeon
  3347 | D:5      | 3347 ||| PLANNING OSSUARY
  3349 | D:5      | 3349 ||| STAIRDANCE
  3352 | D:4      | Reached skill level 3 in Dodging
  3390 | D:5      | 3390 ||| STAIRDANCE
  3390 | D:5      | Noticed Blork the orc
  3395 | D:4      | Reached XP level 7. HP: 35/40 MP: 9/9
  3413 | D:5      | 3413 ||| STAIRDANCE
  3451 | D:5      | 3451 ||| STAIRDANCE
  3455 | D:4      | HP: 9/40 [phantom (5)]
  3456 | D:4      | 3456 ||| READING 4 scrolls of teleportation.
  3641 | D:5      | 3641 ||| STAIRDANCE
  3680 | D:5      | 3680 ||| STAIRDANCE
  3749 | D:5      | 3749 ||| STAIRDANCE
  3826 | D:5      | 3826 ||| STAIRDANCE
  3829 | D:4      | Killed Blork the orc
  3942 | D:5      | 3942 ||| STAIRDANCE
  3987 | D:5      | 3987 ||| STAIRDANCE
  4079 | D:5      | 4079 ||| RIP OSSUARY
  4080 | D:5      | 4080 ||| PLANNING D:1-11
  4080 | D:5      | 4080 ||| STAIRDANCE
  4135 | D:5      | 4135 ||| STAIRDANCE
  4226 | D:5      | 4226 ||| STAIRDANCE
  4275 | D:5      | 4275 ||| STAIRDANCE
  4275 | D:5      | HP: 8/40 [centaur/arrow (9)]
  4402 | D:5      | Reached skill level 11 in Ranged Weapons
  4490 | D:5      | 4490 ||| FLEEEEING.
  4493 | D:5      | 4493 ||| FLEEEEING.
  4494 | D:5      | 4494 ||| FLEEEEING.
  4496 | D:5      | 4496 ||| FLEEEEING.
  4497 | D:5      | 4497 ||| FLEEEEING.
  4498 | D:5      | 4498 ||| FLEEEEING.
  4499 | D:5      | 4499 ||| FLEEEEING.
  4505 | D:5      | Reached skill level 12 in Ranged Weapons
  4505 | D:5      | Slain by a wight

Levels and vault maps discovered:
D:1:      tarquinn_simple_flora_water_a, layout_basic,
          ebering_ecumenical_altar_petrified, minmay_pentomino_z4
D:2:      minmay_spotlight, layout_loops_ring, kennysheep_generic_room_5
D:3:      layout_loops_ring, chequers_serial_rivers_micro_e, uniq_ijyb
D:4:      layout_loops_ring, minmay_rat_hole
D:5:      layout_rooms, chequers_temple_overflow_minitemple,
          mainiacjoe_ossuary_entry_dusty_tomb, uniq_prince_ribbit1,
          uniq_blork_the_orc

Skill      XL: |  1  2  3  4  5  6  7 |
---------------+----------------------+-----
Ranged Weapons | 6 7 8 9 10 12 | 12.1
Fighting       | 2 |  2.0
Dodging        | 3 |  3.5
Stealth        | |  1.2

Action                     |  1- 3 |  4- 6 |  7- 9 || total
---------------------------+-------+-------+-------++-------
   Fire: Shortbow          |   113 |   155 |    54 ||   322
  Evoke: Wand              |       |     2 |       ||     2
    Use: Scroll            |     2 |     5 |     1 ||     8
         Potion            |     1 |     1 |       ||     2
 Armour: Leather armour    |    19 |       |       ||    19
         Ring mail         |     6 |    22 |    59 ||    87
  Dodge: Dodged            |    22 |    36 |    33 ||    91

Table legend:
 A = Non-vault XP
 B = Vault XP
 C = Vault XP percentage of total XP
 D = Non-vault monster count
 E = Vault monster count
 F = Vault count percentage of total count
                 A         B        C        D         E       F
            +---------+---------+-------+---------+---------+-------
      Total |    1083 |     176 |  14.0 |      94 |      29 |  23.6
            +---------+---------+-------+---------+---------+-------
        D:1 |      36 |       6 |  14.3 |      21 |       4 |  16.0
        D:2 |      93 |      20 |  17.7 |      22 |       4 |  15.4
        D:3 |      79 |      36 |  31.3 |      16 |       1 |   5.9
        D:4 |     489 |     114 |  18.9 |      25 |      20 |  44.4
        D:5 |     386 |       0 |   0.0 |      10 |       0 |   0.0
            +---------+---------+-------+---------+---------+-------
